 Dungeon Crawl Stone Soup version 0.26.1-2-gb8aa6d0cf2 (webtiles) character file.

Game seed: 8593656597626411631

72 windgrace the Shield-Bearer (level 4, -2/30 HPs)
             Began as a Human Fire Elementalist on Feb 15, 2021.
             Killed by divine providence
             ... invoked by an orc priest
              (9 damage)
             ... on level 3 of the Dungeon.
             The game lasted 00:08:56 (2910 turns).

windgrace the Shield-Bearer (HuFE)                  Turns: 2910, Time: 00:08:56

Health: -2/30      AC:  6    Str:  8    XL:     4   Next: 48%
Magic:  4/7        EV: 10    Int: 17    God:
Gold:   122        SH: 10    Dex: 13    Spells: 7/8 levels left

rFire    . . .     SeeInvis .   c - +0 dagger
rCold    . . .     Faith    .   f - +2 kite shield
rNeg     . . .     Spirit   .   a - +0 robe
rPois    .         Reflect  .   k - +0 helmet
rElec    .         Harm     .   g - +2 cloak
rCorr    .         Rampage  .   (no gloves)
Will     .....                  (no boots)
Stlth    ++........             (no amulet)
HPRegen  0.10/turn              (no ring)
MPRegen  0.10/turn              (no ring)

@: very slightly contaminated
A: no striking features
a: no special abilities


You were on level 3 of the Dungeon.
You visited 1 branch of the dungeon, and saw 3 of its levels.

You collected 122 gold pieces.

Inventory:

Hand Weapons
 c - a +0 dagger (weapon)
Armour
 a - a +0 robe (worn)
 f - a +2 kite shield (worn)
 g - a +2 cloak (worn)
 k - a +0 helmet (worn)
Scrolls
 b - 5 scrolls of identify {unknown}
 d - a scroll of blinking {unknown}
 i - 2 scrolls of enchant armour {unknown}
 j - a scroll of random uselessness {unknown}
 l - 2 scrolls of noise {unknown}
 n - a scroll of teleportation {unknown}
 p - 2 scrolls of remove curse {unknown}
 q - a scroll of fear {unknown}
Potions
 e - a potion of mutation {unknown}
 h - a potion of magic {unknown}
 m - a potion of haste {unknown}
 o - a potion of curing {unknown}
 r - a potion of ambrosia {unknown}
 s - a potion of degeneration {unknown}


   Skills:
 - Level 2.0 Dodging
 - Level 2.0 Stealth
 + Level 3.2 Shields
 - Level 2.6 Spellcasting
 - Level 1.0 Conjurations
 - Level 3.0 Fire Magic


You had 7 spell levels left.
You knew the following spells:

 Your Spells              Type           Power        Failure   Level
a - Foxfire               Conj/Fire      36%          36%         1

Your spell library contained the following spells:

 Spells                   Type           Power        Failure   Level
 Conjure Flame            Conj/Fire      9%           73%         3
 Inner Flame              Hex/Fire       7%           80%         3
 Sticky Flame             Conj/Fire      9%           98%         4
 Fireball                 Conj/Fire      4%           100%        5


Dungeon Overview and Level Annotations

Branches:
Dungeon (3/15)

Altars:
Ashenzari
Okawaru
Uskayaw
The Shining One


Message History

Nothing appears to happen.
You block the orc's attack.
Casting: Foxfire (safe; 36% risk of failure)
Confirm with . or Enter, or press ? or * to list all spells.
You conjure some foxfire!
You block the orc's attack.
You hit the orc.
The orc is almost dead.
The foxfire hits the orc.
You kill the orc!
The foxfire hits the orc priest.
The orc priest is lightly wounded.
The orc priest calls down the wrath of Beogh upon you.
Beogh smites you!
Ouch! That really hurt!
* * * LOW HITPOINT WARNING * * *
Casting: Foxfire (safe; 36% risk of failure)
Confirm with . or Enter, or press ? or * to list all spells.
You miscast Foxfire.
Nothing appears to happen.
The orc priest invokes the aid of Beogh against you.
Beogh smites you!
You die...

.## #...##.##.#####.# # .#
######...............# ### ##
#.......###....#####.# #..
#.####.).####(.# #.# #.. #.#
#.#.......# #.# #(. ##.##
#...####o.# #.# ##.
###...###..#####.<#####.# #####.
##†#.#.##.......§.....#.####...#^
...............)@§###........#.#.
##.#.#.###.#####§## ###........#.
##...## #.# ##.## ######..##.
##.## #.# #...#####...##..##.
...# #.# #.........#<.......
##### #.# #...###.#.......... #.#
##......###...(.### #.#
#.#######....>.# #.# #.#
#.......#


You could see an orc priest.

Vanquished Creatures
  An adder (D:3)
  An ooze (D:2)
  A dart slug (D:2)
  4 leopard geckos
  2 orcs (D:3)
  A giant cockroach (D:3)
  12 goblins
  4 hobgoblins
  2 jackals (D:1)
  6 kobolds
  3 bats
  2 frilled lizards
  10 rats
49 creatures vanquished.

Vanquished Creatures (others)
  25 foxfires
25 creatures vanquished.

Grand Total: 74 creatures vanquished

Notes
Turn   | Place    | Note
-------+----------+-------------------------------------------
     0 | D:1      | windgrace the Human Fire Elementalist began the quest for
                  | the Orb.
     0 | D:1      | Reached XP level 1. HP: 13/13 MP: 3/3
   122 | D:1      | Reached XP level 2. HP: 17/19 MP: 3/5
   690 | D:1      | Reached skill level 1 in Shields
   737 | D:1      | Reached XP level 3. HP: 24/24 MP: 6/6
  1097 | D:2      | Found a glowing golden altar of the Shining One.
  1402 | D:2      | You fall into a shaft and drop 1 floor!
  2200 | D:3      | Found a hide-covered altar of Uskayaw.
  2252 | D:3      | Found a broken altar of Ashenzari.
  2264 | D:3      | Reached XP level 4. HP: 24/30 MP: 7/7
  2715 | D:3      | Found an iron altar of Okawaru.
  2910 | D:3      | Killed from afar by an orc priest

Illustrated notes

Levels and vault maps discovered:
D:1:      nzn_arrival_settlement, layout_loops_ring
D:2:      layout_basic, old_standard_altar
D:3:      layout_loops_ring, kennysheep_okawaru_gauntlet,
          eat_drink_and_be_merry_uskayaw, cheibrodos_ashenzari_chains,
          nicolae_overflow_crystal_walls, minmay_misc_feat_enclosed

Skill      XL: |  1  2  3  4 |
---------------+-------------+-----
Shields        | 1 2 3 |  3.2
Dodging        | |  2.0
Stealth        | |  2.0
Spellcasting   | |  2.6
Conjurations   | |  1.0
Fire Magic     | |  3.0

Action                   |  1- 3 |  4- 6 || total
-------------------------+-------+-------++-------
Melee: Dagger            |   133 |    59 ||   192
 Cast: Foxfire           |     8 |     7 ||    15
 Stab: Sleeping          |     7 |       ||     7
Armor: Robe              |    36 |    16 ||    52
Dodge: Dodged            |    36 |    26 ||    62
Block: Kite shield       |    46 |    35 ||    81
